 Dungeon Crawl Stone Soup version 0.29-a0-2-g12fcac58f8 (webtiles) character file.

Game seed: 18338548625002429873

42 kae the Ruffian (level 3, -1/28 HPs)
             Began as a Draconian Transmuter on Jan 26, 2022.
             Slain by an iguana (12 damage)
             ... on level 2 of the Dungeon.
             The game lasted 00:00:58 (1898 turns).

kae the Ruffian (Draconian Transmuter)              Turns: 1898, Time: 00:00:58

Health: -1/28      AC:  2    Str: 12    XL:     3   Next: 33%
Magic:  3/6        EV: 19    Int: 15    God:
Gold:   81         SH:  0    Dex: 16    Spells: 2/6 levels left

rFire   . . .      SeeInvis .     - Unarmed
rCold   . . .      Faith    .   (shield currently unavailable)
rNeg    . . .      Spirit   .   (armour unavailable)
rPois   x          Reflect  .   (helmet currently unavailable)
rElec   .          Harm     .   (cloak currently unavailable)
rCorr   .          Rampage  .   (gloves currently unavailable)
Will    .....                   (boots currently unavailable)
Stlth   +.........              (no amulet)
HPRegen 0.09/turn               (no ring)
MPRegen 0.10/turn               (no ring)

@: spider-form
A: venomous fangs, AC +5, tiny, unfitting armour, (cold-blooded)
a: End Transformation


You were on level 2 of the Dungeon.
You were a venomous arachnid creature.
You visited 1 branch of the dungeon, and saw 2 of its levels.

You collected 81 gold pieces.

Inventory:

Jewellery
 g - a +6 ring of strength
Scrolls
 d - 2 scrolls of identify
Potions
 a - a potion of degeneration


   Skills:
 + Level 1.5 Fighting
 + Level 2.0 Dodging
 * Level 3.5 Unarmed Combat
 + Level 2.1 Spellcasting
 * Level 2.6 Transmutations
 * Level 0.3 Poison Magic


You had 2 spell levels left.
You knew the following spells:

 Your Spells              Type           Power      Damage    Failure   Level
a - Beastly Appendage     Tmut           18%        N/A       21%         1
b - Spider Form           Tmut/Pois      6%         N/A       56%         3

Your spell library contained the following spells:

 Spells                   Type           Power      Damage    Failure   Level
 Wereblood                Tmut           9%         N/A       26%         2
 Passwall                 Tmut/Erth      4%         N/A       38%         2
 Ensorcelled Hibernation  Hex/Ice        2%         N/A       54%         2
 Swiftness                Air            1%         N/A       75%         3
 Ice Form                 Ice/Tmut       5%         N/A       90%         4


Dungeon Overview and Level Annotations

Branches:
Dungeon (2/15)

Altars:


Innate Abilities, Weirdness & Mutations

You are a venomous arachnid creature.
You have poisonous fangs.
You are tiny and dextrous.
Your spellcasting is less reliable in this form.
Your armour is entirely melded.
You are incapable of wielding weapons or throwing items.
((Your plain brown scales are hard. (AC +5)))
You cannot fit into any form of body armour.
((You are cold-blooded and may be slowed by cold attacks.))


Message History

The iguana bites you!
An iguana is nearby!
You are too injured to fight recklessly!
You are too injured to fight recklessly!
You are too injured to fight recklessly!
You are too injured to fight recklessly!
An iguana is nearby!
You closely miss the iguana.
The iguana is moderately wounded.
The iguana misses you.
You barely miss the iguana. Your punch misses the iguana.
The iguana is moderately wounded.
The iguana bites you.
* * * LOW HITPOINT WARNING * * *
You hit the iguana but do no damage. You punch the iguana, but do no damage.
The iguana is moderately wounded.
The iguana closely misses you.
Your magical contamination has completely faded away.
You closely miss the iguana.
The iguana is moderately wounded.
The iguana misses you.
You feel better.
The iguana bites you but does no damage.
Casting: Beastly Appendage (safe; 8% risk of failure)
Confirm with . or Enter, or press ? or * to list all spells.
The spell is extremely dangerous to miscast (34% risk of failure)!
Continue anyway? [Y]es or [N]o only, please.
The spell is extremely dangerous to miscast (34% risk of failure)!
Continue anyway?
You turn into a venomous arachnid creature.
The iguana closely misses you.
You hit the iguana but do no damage.
The iguana is moderately wounded.
The iguana closely misses you.
You hit the iguana.
The iguana is heavily wounded.
The iguana closely misses you.
You barely miss the iguana.
The iguana is heavily wounded.
The iguana bites you!
You die...

##.##............#
#.........####...#
####<..#####.#####.####
........# #.#........#
........####.#.....##.#
.####........#.....##.#
.####.#.######....###.#
........# #.#.## #.#
#####'### #.#s# #.#
##...## #.l......#
##.....## ###.######
##.......# ..#
#....)....# ..#
..........+ ....
#.........# ...#
#........## #..##
#.......##


You could see an iguana.

Vanquished Creatures
  An adder (D:2)
  4 ball pythons
  4 endoplasms
  5 goblins
  3 hobgoblins
  2 quokkas (D:1)
  6 bats (D:1)
  3 frilled lizards
  4 rats
32 creatures vanquished.

Notes
Turn   | Place    | Note
-------+----------+-------------------------------------------
     0 | D:1      | kae the Draconian Transmuter began the quest for the Orb.
     0 | D:1      | Reached XP level 1. HP: 16/16 MP: 3/3
   175 | D:1      | Reached XP level 2. HP: 15/23 MP: 3/5
   478 | D:1      | Found a faded altar of an unknown god.
  1640 | D:2      | Reached XP level 3. HP: 27/28 MP: 4/6
  1644 | D:2      | Learned a level 3 spell: Spider Form
  1898 | D:2      | Slain by an iguana

Illustrated notes

Levels and vault maps discovered:
D:1:      minmay_arrival_open_corners, layout_basic,
          hellmonk_ecumenical_altar_blasted
D:2:      layout_loops_corners, fountainhead, minmay_distorted

Skill      XL: |  1  2 |
---------------+-------+-----
Dodging        | 2 |  2.0
Fighting       | |  1.5
Unarmed Combat | |  3.5
Spellcasting   | |  2.1
Transmutations | |  2.6
Poison Magic   | |  0.3

Action                   || total
-------------------------++-------
Melee: Unarmed           ||    93
       Kick              ||    12
       Tailslap          ||     5
       Punch             ||     3
       Headbutt          ||     4
 Cast: Beastly Appendage ||    22
       Spider Form       ||     1
  Use: Scroll            ||     5
       Potion            ||     1
 Stab: Sleeping          ||     1
       Distracted        ||     1
Armor: Skin              ||    37
Dodge: Dodged            ||    65

Table legend: (Time is in decaauts)
 A = Elapsed time spent in this place.
 B = Non-inter-level travel time spent in this place.
 C = Inter-level travel time spent in this place.
 D = Time resting spent in this place.
 E = Time spent auto-exploring this place.
 F = Levels seen in this place.
 G = Mean time per level.
                   A        B        C        D        E       F      G
               +--------+--------+--------+--------+--------+-----+--------+
         Total |   1895 |   1877 |     18 |      0 |   1629 |   2 |  947.5 |
       Dungeon |   1895 |   1877 |     18 |      0 |   1629 |   2 |  947.5 |
               +--------+--------+--------+--------+--------+-----+--------+

Top non-repeatable levels by time:
     D:1: 1483 daAuts
     D:2: 412 daAuts
